cohdb
Replays
Latest Replays
All Replays
Popular Replays
Top Player Replays
Match Explorer
How It Works
Community
CoH3 Stats
Reddit
Sign in to upload your games and track your stats! →
Sign in with Steam
Match 44497621
Unlisted
Match 44497621
Overview
Messages
Build Orders
End
Panzergrenadier Squad
Selects Battlefield Espionage Battlegroup
Kradschützen Motorcycle Team
Panzergrenadier Squad
Panzergrenadier Squad
Construct Light Support Kompanie
2.5-tonne Medical Truck
Fire Support Elements
Selects Intel Disruption Beacon
Pak 38 Mechanized Group
Combat Half-tracks
Flakvierling Half-track
Vehicle Survival Package
Selects Transfer Depots
Construct Panzerarmee Kommand
UH|dun! ツ
UH|ck
iceman
Wejd
Sanchorus
LX_IX
0
0
Comments
sign in to comment!
No comments posted yet!